Map: Moonlight Madness LE (Void)

Players

Javert

  • Race: Zerg Zerg
  • League: Gold

TheSkorpioN - Winner!

  • Race: Protoss Protoss
  • League: Gold

VOD

Have the link to the VOD?

Description

Time

  • Played on: Sept. 14, 2015, 8:13 p.m.
  • Length: 11:29
Show
View Real Time Build Order
Export as new Build Order

Javert Zerg 

Build Orders: Hatch First 

Get SALT Encoding   

  12  0:01  Drone  
  13  0:24  Overlord  
  13  0:28  Drone  
  14  0:43  Drone x2  
  14  0:47  Drone  
  17  1:02  Drone  
  18  1:04  Hatchery  
  18  1:07  Drone  
  18  1:09  Extractor  
  17  1:18  Drone, Extractor  
  17  1:26  Spawning Pool  
  17  1:30  Drone  
  17  1:40  Drone  
  18  1:53  Drone  
  19  2:11  Drone  
  19  2:14  Queen  
  22  2:16  Queen  
  22  2:18  Zergling x4  
  22  2:22  Metabolic Boost  
  26  2:30  Overlord  
  26  2:42  Roach Warren  
  25  2:48  Drone x3  
  28  2:58  Queen  
  30  3:13  Drone x5  
  35  3:24  Overlord  
  35  3:32  Overlord  
  34  3:46  Roach x4  
  42  3:51  Drone x3  
  45  4:05  Roach x2  
  45  4:06  Roach  
  51  4:17  Spine Crawler  
  51  4:19  Zergling x4  
  51  4:20  Hatchery  
  46  4:51  Drone  
  46  4:52  Drone x6  
  46  5:04  Zergling x2  
  46  5:05  Zergling x10  
  52  5:19  Overlord  
  43  5:46  Zergling x22  
  47  6:13  Drone  
  47  6:14  Drone x8  
  52  6:23  Zergling x6  
  51  6:29  Queen  
  45  7:00  Drone x4  
  45  7:01  Drone  
  50  7:02  Extractor  
  50  7:03  Extractor  
  50  7:05  Lair, Queen  
  50  7:07  Drone x3  
  50  7:08  Drone x5  
  58  7:14  Extractor  
  57  7:15  Extractor  
  57  7:17  Evolution Chamber  
  57  7:20  Overlord  
  55  7:24  Evolution Chamber  
  55  7:26  Extractor  
  55  7:28  Queen  
  55  7:29  Overlord  
  55  7:30  Overlord  
  55  7:33  Overlord x2  
  55  7:39  Drone x5  
  60  7:47  Roach x4  
  67  7:56  Roach x3  
  72  8:01  Spine Crawler x2  
  68  8:10  Zergling x6  
  68  8:11  Zergling x6  
  69  8:15  Zerg Missile Weapons Level 1  
  69  8:19  Hydralisk Den, Roach  
  70  8:30  Ravager x6  
  76  8:36  Drone x3  
  79  8:43  Roach  
  79  8:44  Roach x4  
  77  9:06  Roach x4  
  77  9:07  Roach x4  
  87  9:19  Spine Crawler  
  87  9:20  Spine Crawler  
  87  9:21  Zerg Ground Armor Level 1  
  85  9:24  Drone  
  85  9:25  Drone x3  
  72  9:49  Roach  
  72  9:50  Roach x7  
  76  10:04  Hydralisk  
  76  10:05  Hydralisk x3  
  79  10:12  Zergling x2  
  79  10:13  Zergling x8  
  80  10:28  Queen  
  72  10:48  Roach x8  
  72  10:49  Roach  
  75  10:58  Zergling x8  
Show
View Real Time Build Order
Export as new Build Order

TheSkorpioN Protoss - Winner!

Build Orders:  

Get SALT Encoding   

  12  0:01  Probe (Chrono Boost)  
  13  0:11  Probe (Chrono Boost)  
  14  0:18  Pylon  
  14  0:21  Probe (Chrono Boost)  
  15  0:35  Probe (Chrono Boost)  
  15  0:37  Gateway  
  16  0:45  Probe (Chrono Boost)  
  16  0:48  Assimilator  
  17  0:56  Probe (Chrono Boost)  
  18  1:06  Probe (Chrono Boost)  
  19  1:16  Probe (Chrono Boost)  
  20  1:20  Gateway  
  20  1:24  Cybernetics Core  
  20  1:26  Pylon  
  20  1:27  Probe (Chrono Boost)  
  21  1:37  Probe (Chrono Boost)  
  22  1:47  Probe (Chrono Boost)  
  23  1:55  Warp Gate (Chrono Boost)  
  23  1:56  Pylon  
  23  1:58  Probe (Chrono Boost)  
  24  2:02  Adept  
  24  2:07  Adept  
  28  2:09  Probe (Chrono Boost)  
  28  2:19  Probe (Chrono Boost)  
  28  2:20  Gateway  
  29  2:29  Adept  
  31  2:35  Adept  
  33  2:44  Gateway  
  33  2:52  Pylon  
  33  2:59  Pylon  
  37  3:12  Adept (Chrono Boost)  
  37  3:13  Adept (Chrono Boost)  
  37  3:31  Assimilator  
  37  3:40  Pylon  
  37  3:48  Probe  
  38  3:51  Stalker x3  
  38  3:53  Stalker  
  46  4:09  Nexus  
  46  4:15  Probe (Chrono Boost)  
  47  4:25  Mothership Core (Chrono Boost)  
  49  4:34  Pylon  
  49  4:55  Stalker x4  
  49  4:59  Probe (Chrono Boost)  
  46  5:09  Probe (Chrono Boost)  
  47  5:19  Probe (Chrono Boost)  
  47  5:20  Adept x2  
  47  5:21  Adept  
  54  5:29  Probe (Chrono Boost)  
  53  5:39  Probe (Chrono Boost)  
  52  5:43  Adept  
  52  5:44  Adept x3  
  52  6:12  Stalker  
  52  6:13  Stalker x3  
  48  6:22  Probe (Chrono Boost)  
  48  6:23  Probe (Chrono Boost)  
  44  6:26  Assimilator  
  44  6:29  Assimilator  
  44  6:32  Probe (Chrono Boost)  
  45  6:33  Probe (Chrono Boost), Pylon  
  45  6:37  Stalker  
  45  6:38  Stalker  
  50  6:42  Probe (Chrono Boost)  
  50  6:43  Probe (Chrono Boost)  
  50  6:44  Adept  
  54  6:52  Probe (Chrono Boost)  
  49  7:00  Probe (Chrono Boost)  
  46  7:02  Probe (Chrono Boost)  
  46  7:07  Adept x3  
  46  7:08  Adept  
  55  7:10  Probe (Chrono Boost)  
  55  7:12  Probe (Chrono Boost)  
  57  7:20  Probe (Chrono Boost)  
  58  7:32  Sentry x2  
  58  7:33  Stalker  
  64  7:46  Nexus  
  64  7:47  Pylon  
  64  7:55  Pylon  
  64  7:56  Stalker  
  64  7:57  Stalker x2  
  68  8:06  Pylon  
  66  8:25  Assimilator  
  66  8:30  Assimilator  
  66  8:34  Pylon  
  66  8:35  Gateway  
  66  8:36  Gateway  
  66  8:38  Gateway, Pylon  
  66  8:43  Adept x3  
  66  8:44  Adept  
  68  9:13  Stalker x4  
  76  9:22  Probe (Chrono Boost)  
  77  9:32  Probe (Chrono Boost)  
  76  9:43  Probe (Chrono Boost)  
  73  9:50  Stalker x3  
  73  9:51  Stalker  
  67  10:12  Stalker x3  
  71  10:15  Adept  
  71  10:16  Adept x3  
  67  10:44  Adept x4  
  67  10:45  Adept x3  
  73  11:06  Stalker x4  
  73  11:07  Stalker x3  
  87  11:15  Probe (Chrono Boost)  
  88  11:19  Probe (Chrono Boost)  
Tags
 
Add a new tag
Caveats
  • Supply blocks, unpowered buildings, or Contaminate may cause inaccurate times.
  • Supply counts are checked every 10 seconds.